 Dungeon Sprint DCSS version 0.23.0 (webtiles) character file.

Game seed: 3899894811802096202

332200000 sanboga the Ninja (level 27, 132/149 HPs)
             Began as a Felid Monk on Feb 12, 2019.
             Was the Champion of Makhleb.
             Escaped with the Orb!
             The game lasted 00:09:52 (1661 turns).

sanboga the Ninja (Felid Monk)                      Turns: 1661, Time: 00:09:53

Health: 132/149    AC:  3    Str:  7    XL:     27
Magic:  55/55      EV: 45    Int: 14    God:    Makhleb [******]
Gold:   0          SH:  0    Dex: 29    Spells: 80/80 levels left
                                        Lives:  2   Deaths: 3

rFire    . . .     SeeInvis +     - Unarmed
rCold    + . .     Gourm    .   (shield unavailable)
rNeg     . . .     Faith    .   (armour unavailable)
rPois    .         Spirit   .   (helmet unavailable)
rElec    .         Reflect  .   (cloak unavailable)
rCorr    .         Harm     .   (gloves unavailable)
MR       ++++.     NoTele   +   (boots unavailable)
Stlth    ++++......             (no amulet)
HPRegen  0.34/turn              h - +27000 ring of slaying
MPRegen  0.34/turn              l - +27000 ring of slaying

@: quick
A: very small, no armour, no weapons or thrown items, stealth, claws 1, fangs 3,
see invisible, carnivore, speed 1, shaggy fur 3, slow metabolism 1, sharp paws
0: Orb of Zot
a: Minor Destruction, Lesser Servant of Makhleb, Major Destruction, Greater
Servant of Makhleb, Renounce Religion


You escaped.
You worshipped Makhleb.
Makhleb was exalted by your worship.
You were very full.

You visited 1 branch

Inventory:

Jewellery
 h - a +27000 ring of slaying (left paw)
 l - a +27000 ring of slaying (right paw)
Scrolls
 g - a scroll of blinking
Potions
 b - a potion of curing
 d - a potion of haste
 e - 2 potions of magic
 f - a potion of berserk rage
Comestibles
 a - a ration


   Skills:
 O Level 27 Fighting
 O Level 27 Dodging
 O Level 27 Stealth
 O Level 27 Unarmed Combat
 O Level 27 Spellcasting
 O Level 27 Invocations


You had 80 spell levels left.
You didn't know any spells.
Your spell library was empty.

Dungeon Overview and Level Annotations

Branches:
Dungeon (1/1)

Altars:
Makhleb


Innate Abilities, Weirdness & Mutations

You cannot wear armour.
You are incapable of wielding weapons or throwing items.
Your paws allow you to move quietly. (Stealth)
You have sharp claws.
You have razor-sharp teeth.
You have supernaturally acute eyesight. (SInv)
You are carnivorous and can eat meat at any time.
You cover ground quickly.
Your thick and shaggy fur keeps you warm. (AC +3, rC+)
You have a slow metabolism.
Your sharp claws are effective at attacking unaware monsters.


Message History

The Orb Guardian hits you!!!
You eviscerate the Orb Guardian!!!!!!!!!!!!
You kill the Orb Guardian!
Makhleb accepts your kill.
You feel better.
You hear a shout!
You hear a shout! x3
You hear a shout! x5
Things that are here:
a +9 war axe; a +30 ring of slaying You hear a shout! x2
You hear a shout! x4
There is a staircase leading out of the dungeon, spattered with blood here.
Things that are here:
a +5 great sword of flaming; +1 pearl dragon scales You start resting.
You hear a shout! x52
A sun demon comes into view.
The sun demon shouts!
You hear a shout! x4
You have escaped!

............))).)))..)..)........
..#.........))).....).)....))...#
...#......).#)......#............
......#.))))#.....).#.....).....#
...#.....)##.......)###).).......
.............).###.........)...##
.......#.))).).._..........).....
.....#..).)..#...))#.......#.#...
###......))..#_)@)_#....)........
#....#......(#.)...#......#.#.#..
)......#.....(.)_.)).............
).......))(...(###....3....#.#.#.
......))))###....)..###.)........
........))=.#.......#............
...........)#.......#............
...#............)).).............
..#.#.#.................#...#....


You could see a sun demon.

Vanquished Creatures
  Dispater (D)
  4 vampire knights (D)
  24 ogres (D)
  6 two-headed ogres (D)
  166 orcs (D)
  2 seraphim (D)
  An ancient lich (D)
  8 pandemonium lords (D)
  2 Tzitzimimeh (D)
  3 liches (D)
  8 Orb Guardians (D)
  2 Ice Fiends (D)
  2 Hell Sentinels (D)
  3 Executioners (D)
  2 daevas (D)
  2 warmongers (D)
  2 balrugs (D)
  An angel (D)
  A cacodemon (D)
  3 reapers (D)
  3 blizzard demons (D)
  A green death (D)
  3 rakshasas (D)
  A hell beast (D)
  4 sun demons (D)
  A soul eater (D)
  3 cherubim (D)
  3 sixfirhies (D)
  13 starcursed masses (D)
  4 shadow demons (D)
  A torturous demonspawn (D)
  A gelid demonspawn (D)
  A rust devil (D)
  3 orange demons (D)
  5 smoke demons (D)
  7 large abominations (D)
  A hellion (D)
  An efreet (D)
  An ice devil (D)
  3 red devils (D)
  2 hellwings (D)
  4 golden eyes (D)
  3 chaos spawn (D)
  2 neqoxecs (D)
  2 small abominations (D)
  An eye of draining (D)
  2 ball lightnings (D)
319 creatures vanquished.

Vanquished Creatures (others)
  3 orcs (D)
  21 ball lightnings (D)
24 creatures vanquished.

Grand Total: 343 creatures vanquished

Notes
Turn   | Place    | Note
-------+----------+-------------------------------------------
     0 | D        | sanboga the Felid Monk began the quest for the Orb.
     0 | D        | Reached XP level 1. HP: 10/10 MP: 2/2
     2 | D        | Noticed a bag of meat
     4 | D        | Became a worshipper of Makhleb the Destroyer
     4 | D        | Reached * piety under Makhleb
     4 | D        | Reached ** piety under Makhleb
     6 | D        | Noticed a bag of meat
     6 | D        | Noticed a bag of meat
     7 | D        | Noticed a bag of meat
     8 | D        | Noticed a bag of meat
     9 | D        | Noticed a bag of meat
    11 | D        | Noticed a bag of meat
    11 | D        | Noticed a bag of meat
    11 | D        | Noticed a bag of meat
    11 | D        | Noticed a bag of meat
    12 | D        | Killed a bag of meat
    12 | D        | Reached XP level 2. HP: 25/25 MP: 3/3
    12 | D        | Reached XP level 3. HP: 29/29 MP: 4/4
    12 | D        | Reached XP level 4. HP: 33/33 MP: 5/5
    12 | D        | Reached XP level 5. HP: 37/37 MP: 6/6
    12 | D        | Gained mutation: You are covered in thick fur. (AC +2)
                  | [Felid growth]
    12 | D        | Reached XP level 6. HP: 41/41 MP: 7/7
    12 | D        | Reached XP level 7. HP: 45/45 MP: 8/8
    12 | D        | Reached XP level 8. HP: 49/49 MP: 9/9
    12 | D        | Reached XP level 9. HP: 52/52 MP: 10/10
    12 | D        | Reached XP level 10. HP: 57/57 MP: 11/11
    12 | D        | Reached XP level 11. HP: 60/60 MP: 12/12
    12 | D        | Noticed a bag of meat
    12 | D        | Noticed a bag of meat
    15 | D        | Noticed a bag of meat
    16 | D        | Noticed a bag of meat
    16 | D        | Slain by a bag of meat
    16 | D        | Noticed a bag of meat
    17 | D        | Reached XP level 10. HP: -4/57 MP: 11/11
    18 | D        | Noticed a bag of meat
    18 | D        | Noticed a bag of meat
    18 | D        | Noticed a large bag of meat
    19 | D        | Noticed a bag of meat
    20 | D        | Noticed a meat berserker
    21 | D        | Noticed a bag of meat
    21 | D        | Noticed a bag of meat
    21 | D        | Noticed a bag of meat
    22 | D        | Noticed a bag of meat
    23 | D        | Noticed a bag of meat
    23 | D        | Noticed a bag of meat
    25 | D        | Killed a large bag of meat
    25 | D        | Reached XP level 11. HP: 45/65 MP: 12/12
    25 | D        | Gained mutation: Your thick and shaggy fur keeps you warm.
                  | (AC +3, rC+) [Felid growth]
    25 | D        | Reached XP level 12. HP: 48/69 MP: 13/13
    25 | D        | Reached XP level 13. HP: 51/73 MP: 14/14
    26 | D        | Killed a bag of meat
    27 | D        | Slain by a bag of meat
    28 | D        | Reached XP level 12. HP: -2/71 MP: 13/13
    28 | D        | Noticed a bag of meat
    28 | D        | Noticed a bag of meat
    29 | D        | Noticed a meat berserker
    29 | D        | Noticed a bag of meat
    29 | D        | Noticed a bag of meat
    29 | D        | Noticed a bag of meat
    30 | D        | Noticed a large bag of meat
    30 | D        | Noticed a bag of meat
    30 | D        | Noticed a bag of meat
    32 | D        | Noticed a bag of meat
    32 | D        | Noticed a meat berserker
    32 | D        | Noticed a bag of meat
    33 | D        | Noticed a bag of meat
    34 | D        | Noticed a meat berserker
    34 | D        | Noticed a bag of meat
    34 | D        | Noticed a meat berserker
    34 | D        | Noticed a large bag of meat
    34 | D        | Noticed a bag of meat
    34 | D        | Noticed a bag of meat
    34 | D        | Noticed a bag of meat
    34 | D        | Noticed a bag of meat
    34 | D        | Noticed a bag of meat
    34 | D        | Noticed a meat berserker
    34 | D        | Noticed a bag of meat
    35 | D        | Noticed a bag of meat
    35 | D        | Noticed a bag of meat
    36 | D        | Killed a bag of meat
    36 | D        | Reached *** piety under Makhleb
    36 | D        | Reached XP level 13. HP: 76/76 MP: 14/14
    37 | D        | Killed a meat berserker
    37 | D        | Reached skill level 27 in Dodging
    37 | D        | Reached skill level 27 in Stealth
    37 | D        | Reached XP level 14. HP: 84/84 MP: 15/15
    38 | D        | Killed a meat berserker
    38 | D        | Reached XP level 15. HP: 93/93 MP: 16/16
    39 | D        | Killed a large bag of meat
    39 | D        | Reached **** piety under Makhleb
    39 | D        | Reached skill level 27 in Fighting
    39 | D        | Reached skill level 27 in Unarmed Combat
    39 | D        | Reached XP level 16. HP: 100/100 MP: 16/28
    41 | D        | Killed a meat berserker
    41 | D        | Reached XP level 17. HP: 104/104 MP: 16/39
    42 | D        | Killed a meat berserker
    43 | D        | Killed a meat berserker
    43 | D        | Reached ***** piety under Makhleb
    43 | D        | Reached XP level 18. HP: 109/109 MP: 16/46
    45 | D        | Killed a large bag of meat
    45 | D        | Reached skill level 27 in Spellcasting
    45 | D        | Reached skill level 27 in Invocations
    47 | D        | Killed a meat berserker
    47 | D        | Reached XP level 19. HP: 102/113 MP: 17/51
    52 | D        | Reached ****** piety under Makhleb
    52 | D        | Reached XP level 20. HP: 118/118 MP: 17/52
    53 | D        | Noticed a meat berserker
    58 | D        | Reached XP level 21. HP: 102/122 MP: 18/53
    64 | D        | Reached XP level 22. HP: 127/127 MP: 19/54
    72 | D        | Reached XP level 23. HP: 131/131 MP: 21/55
    72 | D        | Noticed a destroyer
    79 | D        | Killed a destroyer
    80 | D        | Reached XP level 24. HP: 136/136 MP: 23/55
    99 | D        | Noticed a destroyer
   102 | D        | Killed a destroyer
   103 | D        | Reached XP level 25. HP: 140/140 MP: 28/55
   115 | D        | Reached XP level 26. HP: 145/145 MP: 31/55
   125 | D        | Reached XP level 27. HP: 149/149 MP: 32/55
   158 | D        | Noticed a large bag of meat
   158 | D        | Noticed The Meatlord
   159 | D        | Noticed a destroyer
   178 | D        | Killed a large bag of meat
   181 | D        | Killed a destroyer
   187 | D        | Killed by an exploding ball lightning
   212 | D        | Killed The Meatlord
   230 | D        | Noticed a large bag of meat
   245 | D        | Killed a large bag of meat
   248 | D        | Got the Orb of Zot
   349 | D        | Noticed a large bag of meat
   355 | D        | Killed a large bag of meat
   417 | D        | Noticed a destroyer
   427 | D        | Killed a destroyer
   455 | D        | Noticed an ancient lich
   455 | D        | Noticed Huniu the pandemonium lord
   461 | D        | Killed Huniu the pandemonium lord
   463 | D        | Killed an ancient lich
   583 | D        | Noticed Orusm the pandemonium lord
   589 | D        | Killed Orusm the pandemonium lord
  1108 | D        | Noticed Hiung the pandemonium lord
  1133 | D        | Noticed a seraph
  1134 | D        | Killed a seraph
  1136 | D        | Noticed Uroarr the pandemonium lord
  1142 | D        | Killed Uroarr the pandemonium lord
  1187 | D        | Killed Hiung the pandemonium lord
  1189 | D        | Noticed Boleqi the pandemonium lord
  1195 | D        | Killed Boleqi the pandemonium lord
  1315 | D        | Noticed Ymures the pandemonium lord
  1321 | D        | Killed Ymures the pandemonium lord
  1341 | D        | Noticed a seraph
  1343 | D        | Killed a seraph
  1576 | D        | Noticed Tibus the pandemonium lord
  1581 | D        | Killed Tibus the pandemonium lord
  1616 | D        | Noticed Fameorr the pandemonium lord
  1618 | D        | Killed Fameorr the pandemonium lord
  1661 | D        | Escaped with the Orb!

Skill      XL: |  1  2  3  4  5  6  7  8  9 10 11 12 13 14 15 16 17 18 |
---------------+-------------------------------------------------------+-----
Fighting       | 14 18 20 22 25 27 | 27.0
Dodging        | 18 22 24 27 | 27.0
Stealth        | 19 24 26 27 | 27.0
Unarmed Combat | 14 18 20 22 25 27 | 27.0
Spellcasting   | 7 17 23 27 | 27.0
Invocations    | 8 18 24 27 | 27.0

Action                   |  1- 3 |  4- 6 |  7- 9 | 10-12 | 13-15 | 16-18 | 19-21 | 22-24 | 25-27 || total
-------------------------+-------+-------+-------+-------+-------+-------+-------+-------+-------++-------
Melee: Unarmed           |     1 |       |       |     2 |     4 |     8 |    17 |    19 |   278 ||   329
       Punch             |       |       |       |       |       |       |     1 |       |     1 ||     2
       Bite              |       |       |       |       |       |       |       |       |     1 ||     1
  Use: Potion            |       |       |       |     1 |       |       |       |       |       ||     1
  Eat: Chunk             |       |       |       |       |       |       |       |       |     7 ||     7
Armor: Skin              |       |       |       |       |       |       |       |       |     1 ||     1
Dodge: Dodged            |       |       |       |     1 |     3 |     5 |     3 |     1 |   107 ||   120
